AoeStats
← Khirs

Highland

506437969Analyzed
4v4 RM · 18d ago on Sep 13, 2026· 31m 33s· 8 players
Game mode
Random Map
Map size
Large (8 player)
Population
200
Speed
Normal
Resources
Standard
Victory
Conquest
Starting age
Dark Age
Ending age
Imperial Age
RankedLock teamsTeams togetherTeam positionsShared explorationLock speedFull tech treeHidden civsTurbo modeCheats
Victory
Defeat
🇫🇷 Berbers · France
809
+15
🇹🇷 Sicilians · Türkiye
804
+16
🇨🇿 Koreans · Czechia
760
+22
🇨🇿 Britons · Czechia
742
+19
🇮🇹 Goths · Italy
821
-18
🇨🇿 Teutons · Czechia
798
-17
🇪🇸 Chinese · Spain
777
-16
🇫🇷 Mongols · France
776
-16
Khirs
0:40 Loom
12:58 Feudal Age
13:55 Double-Bit Axe
15:03 Horse Collar
22:53 Castle Age
21:39 Fletching
22:33 Padded Archer Armor
23:23 Stone Mining
24:58 Thumb Ring
25:48 Stone Shaft Mining
25:36 Bow Saw
26:08 Leather Archer Armor
26:30 Heavy Plow
27:27 Gold Mining
Ryusuke
3:05 Loom
11:04 Feudal Age
13:43 Wheelbarrow
12:55 Double-Bit Axe
19:00 Castle Age
17:57 Bloodlines
17:55 Scale Barding Armor
18:09 Horse Collar
22:43 Husbandry
26:39 Forging
26:50 Chain Barding Armor
matteofalconi1990
10:17 Feudal Age
11:44 Wheelbarrow
11:04 Double-Bit Axe
13:07 Horse Collar
15:23 Fishing Lines
18:45 Loom
21:21 Man-at-Arms
GLOBAL DELETE BOY
11:03 Feudal Age
11:46 Horse Collar
16:42 Castle Age
14:52 Double-Bit Axe
20:33 Bloodlines
20:30 Scale Barding Armor
23:36 Wheelbarrow
24:11 Stone Mining
24:14 Gold Mining
25:05 Heavy Plow
28:28 Bow Saw
31:04 Imperial Age
29:30 Forging
31:08 Hand Cart
30:47 Town Watch
30:58 Stone Mining
Hannibal Barca
0:38 Loom
13:25 Feudal Age
14:41 Wheelbarrow
13:54 Double-Bit Axe
13:51 Horse Collar
13:58 Town Watch
14:30 Town Watch
15:09 Town Watch
16:51 Gold Mining
16:54 Stone Mining
25:23 Castle Age
26:24 Hand Cart
26:21 Bow Saw
26:26 Heavy Plow
27:05 Gold Shaft Mining
27:41 Caravan
31:14 Ballistics
31:05 Husbandry
31:15 Bloodlines
30:58 Fletching
MightyOwl
2:02 Loom
9:49 Feudal Age
16:23 Double-Bit Axe
19:17 Horse Collar
23:57 Castle Age
24:03 Stone Mining
25:12 Wheelbarrow
24:56 Town Watch
28:20 Heavy Plow
28:54 Crossbowman
30:19 Man-at-Arms
31:09 Thumb Ring
Poexs
3:07 Loom
12:31 Feudal Age
13:05 Town Watch
13:11 Double-Bit Axe
13:09 Horse Collar
19:25 Padded Archer Armor
19:30 Scale Mail Armor
19:41 Forging
24:35 Castle Age
25:46 Chain Mail Armor
26:08 Iron Casting
25:49 Bow Saw
28:32 Gold Mining
31:58 Arson
Flachyc
10:25 Feudal Age
11:07 Double-Bit Axe
11:07 Horse Collar
19:05 Castle Age
20:31 Bow Saw
21:09 Heavy Plow
22:41 Caravan
25:47 Wheelbarrow
26:09 Padded Archer Armor
25:59 Fletching
26:20 Forging
26:11 Scale Mail Armor
33:43 Imperial Age
31:57 Bodkin Arrow
Connection lost

Rejoining the realm…

Still unreachable

The connection could not be restored.

Session expired

The server has moved on; the page needs a fresh start.